Description

Work in progress. Please read build order notes, try it, vote and comment.

P.S. How it can be hidden for tesing period?

Build Order

Get SALT Encoding   

  12  0:00  SCV  
  13  0:10  SCV  
  14  0:17  Supply Depot  
  15  0:25  SCV  
  16  0:37  SCV  
  16  0:40  Barracks  
  16  0:43  Refinery  
  17  0:51  SCV  
  18  1:13  SCV  
  19  1:15  SCV  !! SCOUT !!
  19  1:27  Barracks Reactor  
  19  1:28  Orbital Command  
  19  1:41  Command Center  
  19  1:51  Supply Depot  
  20  1:54  SCV  MULE
  20  2:04  Marine x2  
  22  2:05  SCV  Continuous SCV production
  22  2:14  Factory  
  23  2:21  Refinery  
  24  2:23  Marine x2  
  25  2:30  Bunker  
  27  2:53  Orbital Command  SWAP BARRACKS AND FACTORY
  27  3:03  Armory  
  31  3:08  Hellion x2  
  38  3:30  Hellion x2  WALL
  40  3:37  Supply Depot  IN WALL
  40  3:40  Barracks Tech Lab  LIFT FACTORY
  42  3:52  Terran Vehicle Weapons Level 1  PLACE FACTORY ON TECH LAB
  44  4:03  Supply Depot  IN WALL
  47  4:05  Siege Tank  PATROL MARINE AT CORNER
  48  4:10  Refinery x2  
  49  4:19  Factory x2  
  51  4:26  Supply Depot  IN WALL
  55  4:36  Siege Tank  
  60  5:00  Factory Tech Lab  
  70  5:18  Supply Depot  FAKE SUPPLY LIMIT NEXT (TO BI FIXED)
  70  5:24  Hellion x2  
  70  5:30  Thor x2  
  70  5:34  Supply Depot  AT CORNER
  70  5:51  Terran Vehicle Weapons Level 2  x2 SUPPLY DEPOT NEXT
  70  5:55  Supply Depot  OR 2 THORS (IF NO ROACHES)
  70  6:06  Siege Tank x2  
  70  6:10  Hellion x2  
  70  6:28  Factory  
  70  6:29  Barracks Reactor  
  70  6:31  Hellion  
  70  6:35  Supply Depot x2  
  70  6:42  Engineering Bay  
  70  6:47  Siege Tank x2  
  70  6:31  Hellion  
  70  6:48  Siege Tank x2  !! SCAN !!
  70  6:58  Hellion x2  
  70  7:01  Supply Depot x2  BARRACK FLY FORWARD
  70  7:14  Missile Turret x2  
  70  7:21  Siege Tank x2  
  70  7:22  Hellion x2  
  70  7:30  Supply Depot x2  
  70  7:50  Hellion x4, Siege Tank x2  MOVE FORWARD, RALLY POINT
  70  8:12  Terran Vehicle And Ship Armor Level 1  TIMING ATTACK
Spawning Tool Build Advisor. Get it on Overwolf

Analysis

Analysis, VODs, Video links, will be added some later.

Go to:

Details

  • Created by: lithium
  • Published on: Jan 29, 2020
  • Modified on: Feb 01, 2020
  • Patch: 4.11.0
Show
View Real Time Build Order
Export as new Build Order

Comments (1)

On June 27, 2020, 4:46 p.m., Rambage  said:

Should I be harassed by the hellions?

Create an account to comment!